TOP OF THE 1ST |
Vancouver Vipers batting - Pitching for Las Vegas Stars : LHP Jesús González
|
Pitching: LHP Jesús González
|
|
Batting: LHB Nick Gamble
|
0-0: Called Strike 0-1: SINGLE (Groundball, 4MD)
|
Batting: RHB Rob Brady
|
0-0: Foul Ball, location: 2F 0-1: Ball 1-1: Ball 2-1: Grounds into double play, 6-4-3 (Groundball, 6)
|
Batting: RHB Ben Alexander
|
0-0: Foul Ball, location: 2F 0-1: Ball 1-1: Ball 2-1: Ball 3-1: Called Strike 3-2: Base on Balls
|
Batting: RHB Marvin Workman
|
0-0: Ball 1-0: Ball 2-0: Called Strike 2-1: Ball 3-1: Fielders Choice at 2nd, 6-4 (Groundball, 6)
|
Top of the 1st over - 0 runs, 1 hit, 0 errors, 1 left on base; Vancouver 0 - Las Vegas 0 |
BOTTOM OF THE 1ST |
Las Vegas Stars batting - Pitching for Vancouver Vipers : LHP Dennis Morales
|
Pitching: LHP Dennis Morales
|
|
Batting: LHB Alberto Varela
|
0-0: Called Strike 0-1: Foul Ball, location: 2F 0-2: Ball 1-2: Foul Ball, location: 2F 1-2: Ball 2-2: Foul Ball, location: 2F 2-2: Foul Ball, location: 2F 2-2: Fly out, F9 (Line Drive, 89S)
|
Batting: RHB Tomás Díaz
|
0-0: Fly out, F6 (Popup, 6MS)
|
Batting: LHB Paco Rivera
|
0-0: Ball 1-0: Called Strike 1-1: Ball 2-1: SINGLE (Line Drive, 6)
|
Batting: RHB Juan Valverde
|
0-0: Ball 1-0: Foul Ball, location: 2F 1-1: Called Strike 1-2: Ball 2-2: Foul Ball, location: 2F 2-2: Ball 3-2: Fly out, F7 (Flyball, 7LD)
|
Bottom of the 1st over - 0 runs, 1 hit, 0 errors, 1 left on base; Vancouver 0 - Las Vegas 0 |
TOP OF THE 2ND |
Vancouver Vipers batting - Pitching for Las Vegas Stars : LHP Jesús González
|
Batting: RHB Walton Smith
|
0-0: Ball 1-0: Called Strike 1-1: Called Strike 1-2: Foul Ball, location: 2F 1-2: Foul Ball, location: 2F 1-2: Ball 2-2: Foul Ball, location: 2F 2-2: Ball 3-2: Base on Balls
|
Batting: RHB Cooper Richard
|
0-0: Fly out, F3 (Popup, 3SF)
|
Batting: RHB Axel Guimont
|
0-0: Ball 1-0: Called Strike 1-1: Foul Ball, location: 2F 1-2: Strikes out swinging
|
Batting: RHB Clarence Harrison
|
0-0: Called Strike 0-1: Swinging Strike 0-2: Foul Ball, location: 2F 0-2: Fly out, F9 (Flyball, 9)
|
Top of the 2nd over - 0 runs, 0 hits, 0 errors, 1 left on base; Vancouver 0 - Las Vegas 0 |
BOTTOM OF THE 2ND |
Las Vegas Stars batting - Pitching for Vancouver Vipers : LHP Dennis Morales
|
Batting: RHB Alonso Holguín
|
0-0: Foul Ball, location: 2F 0-1: DOUBLE (Line Drive, 9D)
|
Batting: RHB Paco Castillo
|
0-0: Ball 1-0: SINGLE (Line Drive, 8RS) Alonso Holguín to third
|
Batting: LHB Edward Rose
|
0-0: Ball 1-0: Swinging Strike 1-1: Called Strike 1-2: Ball 2-2: Fly out, F7 (Flyball, 78D) Runner from 3rd tags up, OUT at HOME Paco Castillo to second
|
Batting: RHB José García
|
0-0: Ball 1-0: Foul Ball, location: 2F 1-1: Hit by Pitch
|
Batting: LHB Clint Parkinson
|
0-0: Fly out, F8 (Flyball, 8RD)
|
Bottom of the 2nd over - 0 runs, 2 hits, 0 errors, 2 left on base; Vancouver 0 - Las Vegas 0 |
TOP OF THE 3RD |
Vancouver Vipers batting - Pitching for Las Vegas Stars : LHP Jesús González
|
Batting: LHB Mike Williams
|
0-0: Ball 1-0: Ball 2-0: Called Strike 2-1: Called Strike 2-2: Foul Ball, location: 2F 2-2: Ball 3-2: Base on Balls
|
Batting: LHB Nick Gamble
|
0-0: Ball 1-0: Called Strike 1-1: Grounds into double play, 6-4-3 (Groundball, 56)
|
Batting: RHB Rob Brady
|
0-0: Foul Ball, location: 2F 0-1: Called Strike 0-2: Ball 1-2: Ball 2-2: Ground out 6-3 (Groundball, 6)
|
Top of the 3rd over - 0 runs, 0 hits, 0 errors, 0 left on base; Vancouver 0 - Las Vegas 0 |
BOTTOM OF THE 3RD |
Las Vegas Stars batting - Pitching for Vancouver Vipers : LHP Dennis Morales
|
Batting: LHB Alberto Varela
|
0-0: Called Strike 0-1: Foul Ball, location: 2F 0-2: Ball 1-2: Fly out, F6 (Line Drive, 56)
|
Batting: RHB Tomás Díaz
|
0-0: Ball 1-0: Called Strike 1-1: Ball 2-1: Ball 3-1: Fly out, F8 (Flyball, 8LD)
|
Batting: LHB Paco Rivera
|
0-0: Ball 1-0: Fly out, F4 (Popup, 34S)
|
Bottom of the 3rd over - 0 runs, 0 hits, 0 errors, 0 left on base; Vancouver 0 - Las Vegas 0 |
TOP OF THE 4TH |
Vancouver Vipers batting - Pitching for Las Vegas Stars : LHP Jesús González
|
Batting: RHB Ben Alexander
|
0-0: Called Strike 0-1: SINGLE (Flyball, 7LS)
|
Batting: RHB Marvin Workman
|
0-0: Foul Ball, location: 2F 0-1: Ball 1-1: Foul Ball, location: 2F 1-2: Ball 2-2: Ball 3-2: Base on Balls Ben Alexander to second
|
Batting: RHB Walton Smith
|
0-0: Ball 1-0: Called Strike 1-1: Foul Ball, location: 2F 1-2: Ball 2-2: Strikes out swinging
|
Batting: RHB Cooper Richard
|
0-0: Fly out, F7 (Flyball, 78S)
|
Batting: RHB Axel Guimont
|
0-0: Called Strike 0-1: Called Strike 0-2: Ball 1-2: Ball Wild Pitch! Ben Alexander to third Marvin Workman to second 2-2: SINGLE (Groundball, 2R) (infield hit) Ben Alexander scores Marvin Workman to third
|
Batting: RHB Clarence Harrison
|
0-0: Ball 1-0: Foul Ball, location: 2F 1-1: Foul Ball, location: 2F 1-2: Foul Ball, location: 2F 1-2: Strikes out swinging
|
Top of the 4th over - 1 run, 2 hits, 0 errors, 2 left on base; Vancouver 1 - Las Vegas 0 |
BOTTOM OF THE 4TH |
Las Vegas Stars batting - Pitching for Vancouver Vipers : LHP Dennis Morales
|
Batting: RHB Juan Valverde
|
0-0: Ground out 6-3 (Groundball, 6)
|
Batting: RHB Alonso Holguín
|
0-0: Ball 1-0: Foul Ball, location: 2F 1-1: Ball 2-1: Swinging Strike 2-2: Foul Ball, location: 2F 2-2: SINGLE (Groundball, 34D)
|
Batting: RHB Paco Castillo
|
0-0: Called Strike 0-1: Fly out, F9 (Flyball, 9S)
|
Batting: LHB Edward Rose
|
0-0: SINGLE (Flyball, 78S) Alonso Holguín to second
|
Batting: RHB José García
|
0-0: Called Strike 0-1: Swinging Strike 0-2: Strikes out swinging
|
Bottom of the 4th over - 0 runs, 2 hits, 0 errors, 2 left on base; Vancouver 1 - Las Vegas 0 |
TOP OF THE 5TH |
Vancouver Vipers batting - Pitching for Las Vegas Stars : LHP Jesús González
|
Batting: LHB Mike Williams
|
0-0: Ball 1-0: Foul Ball, location: 2F 1-1: Ball 2-1: Ball 3-1: DOUBLE (Line Drive, 9LM)
|
Batting: LHB Nick Gamble
|
0-0: Ball 1-0: Ball 2-0: Called Strike 2-1: Called Strike 2-2: Ground out 1-3 (Groundball, 13S) Mike Williams to third
|
Pitching: RHP Alberto Márquez
|
|
Batting: RHB Rob Brady
|
0-0: Swinging Strike 0-1: Foul Ball, location: 2F 0-2: Ball 1-2: Ball 2-2: Ball 3-2: Strikes out swinging
|
Batting: RHB Ben Alexander
|
0-0: Called Strike 0-1: Called Strike 0-2: Strikes out swinging
|
Top of the 5th over - 0 runs, 1 hit, 0 errors, 1 left on base; Vancouver 1 - Las Vegas 0 |
BOTTOM OF THE 5TH |
Las Vegas Stars batting - Pitching for Vancouver Vipers : LHP Dennis Morales
|
Batting: LHB Clint Parkinson
|
0-0: Ball 1-0: Ball 2-0: Foul Ball, location: 2F 2-1: Ball 3-1: Base on Balls
|
Batting: LHB Alberto Varela
|
0-0: SINGLE (Groundball, 6D) Clint Parkinson to second
|
Batting: RHB Tomás Díaz
|
0-0: Called Strike 0-1: Ball 1-1: Ball 2-1: Ball 3-1: Fly out, F8 (Flyball, 8RM)
|
Batting: LHB Paco Rivera
|
0-0: Ball 1-0: Called Strike 1-1: Ball 2-1: Called Strike 2-2: Foul Ball, location: 2F 2-2: Ball 3-2: Foul Ball, location: 2F 3-2: Base on Balls Clint Parkinson to third Alberto Varela to second
|
Batting: RHB Juan Valverde
|
0-0: Ball 1-0: Ball 2-0: Swinging Strike 2-1: Ball 3-1: Called Strike 3-2: SINGLE (Groundball, 6MD) Clint Parkinson scores Alberto Varela to third Paco Rivera to second Runner from 3rd tries for Home, SAFE, no throw
|
Batting: RHB Alonso Holguín
|
0-0: Ball 1-0: Foul Ball, location: 2F 1-1: Foul Ball, location: 2F 1-2: Ball 2-2: Foul Ball, location: 2F 2-2: Ball 3-2: Base on Balls Paco Rivera to third Juan Valverde to second
|
Batting: RHB Paco Castillo
|
0-0: Swinging Strike 0-1: Fly out, F6 (Line Drive, 6)
|
Batting: LHB Edward Rose
|
0-0: Foul Ball, location: 2F 0-1: Fly out, F5 (Popup, 5SF)
|
Bottom of the 5th over - 2 runs, 2 hits, 0 errors, 3 left on base; Vancouver 1 - Las Vegas 2 |
TOP OF THE 6TH |
Vancouver Vipers batting - Pitching for Las Vegas Stars : RHP Alberto Márquez
|
Batting: RHB Marvin Workman
|
0-0: Called Strike 0-1: Called Strike 0-2: Ball 1-2: Ball 2-2: Ball 3-2: Ground out 4-3 (Groundball, 4)
|
Batting: RHB Walton Smith
|
0-0: Fly out, F6 (Popup, 4MD)
|
Batting: RHB Cooper Richard
|
0-0: Ball 1-0: Ball 2-0: Ball 3-0: Base on Balls
|
Batting: RHB Axel Guimont
|
0-0: Swinging Strike 0-1: Ball 1-1: Ball 2-1: Fly out, F9 (Flyball, 9LSF)
|
Top of the 6th over - 0 runs, 0 hits, 0 errors, 1 left on base; Vancouver 1 - Las Vegas 2 |
BOTTOM OF THE 6TH |
Las Vegas Stars batting - Pitching for Vancouver Vipers : LHP Dennis Morales
|
Pitching: RHP Javier Toledo
|
|
Batting: RHB José García
|
0-0: SINGLE (Groundball, 4MD)
|
Batting: LHB Clint Parkinson
|
0-0: Ball José García is caught stealing 2nd base 1-0: Ball 2-0: Ground out 4-3 (Groundball, 4)
|
Batting: LHB Alberto Varela
|
0-0: Ball 1-0: Swinging Strike 1-1: Swinging Strike 1-2: Strikes out swinging
|
Bottom of the 6th over - 0 runs, 1 hit, 0 errors, 0 left on base; Vancouver 1 - Las Vegas 2 |
TOP OF THE 7TH |
Vancouver Vipers batting - Pitching for Las Vegas Stars : RHP Alberto Márquez
|
Batting: RHB Clarence Harrison
|
0-0: Called Strike 0-1: Called Strike 0-2: Ball 1-2: Fly out, F1 (Line Drive, 13)
|
Pitching: LHP Justin Short
|
|
Batting: LHB Mike Williams
|
0-0: Foul Ball, location: 2F 0-1: Foul Ball, location: 2F 0-2: Strikes out swinging
|
Batting: LHB Nick Gamble
|
0-0: Called Strike 0-1: Ball 1-1: Foul Ball, location: 2F 1-2: Fly out, F5 (Popup, 56S)
|
Top of the 7th over - 0 runs, 0 hits, 0 errors, 0 left on base; Vancouver 1 - Las Vegas 2 |
BOTTOM OF THE 7TH |
Las Vegas Stars batting - Pitching for Vancouver Vipers : RHP Javier Toledo
|
Batting: RHB Tomás Díaz
|
0-0: Ball 1-0: Ball 2-0: Ball 3-0: Called Strike 3-1: Called Strike 3-2: Foul Ball, location: 2F 3-2: TRIPLE (Flyball, 89XD)
|
Batting: LHB Paco Rivera
|
0-0: Ball 1-0: Called Strike 1-1: Foul Ball, location: 2F 1-2: Ball 2-2: Ball 3-2: Ground out U3 (Groundball, 3L)
|
Batting: RHB Juan Valverde
|
0-0: SINGLE (Groundball, 56D) Tomás Díaz scores
|
Batting: RHB Alonso Holguín
|
0-0: Ball 1-0: Grounds into double play, 4-6-3 (Groundball, 4)
|
Bottom of the 7th over - 1 run, 2 hits, 0 errors, 0 left on base; Vancouver 1 - Las Vegas 3 |
TOP OF THE 8TH |
Vancouver Vipers batting - Pitching for Las Vegas Stars : LHP Justin Short
|
Pitching: RHP Roberto Moreno
|
|
Batting: RHB Rob Brady
|
0-0: Called Strike 0-1: Ball 1-1: Ball 2-1: Called Strike 2-2: Foul Ball, location: 2F 2-2: SINGLE (Flyball, 78S)
|
Batting: RHB Ben Alexander
|
0-0: Ball 1-0: Ball 2-0: Called Strike 2-1: Foul Ball, location: 2F 2-2: Ball 3-2: Foul Ball, location: 2F 3-2: Base on Balls Rob Brady to second
|
Batting: RHB Marvin Workman
|
0-0: Ball 1-0: Called Strike 1-1: Grounds into double play, 6-4-3 (Groundball, 56) Rob Brady to third
|
Batting: RHB Walton Smith
|
0-0: Called Strike 0-1: Swinging Strike 0-2: Strikes out looking
|
Top of the 8th over - 0 runs, 1 hit, 0 errors, 1 left on base; Vancouver 1 - Las Vegas 3 |
BOTTOM OF THE 8TH |
Las Vegas Stars batting - Pitching for Vancouver Vipers : RHP Javier Toledo
|
Batting: RHB Paco Castillo
|
0-0: Ball 1-0: Foul Ball, location: 2F 1-1: Fly out, F9 (Line Drive, 9)
|
Batting: LHB Edward Rose
|
0-0: Called Strike 0-1: Swinging Strike 0-2: Fly out, F8 (Flyball, 89D)
|
Batting: RHB José García
|
0-0: Ball 1-0: Foul Ball, location: 2F 1-1: Ground out 6-3 (Groundball, 6)
|
Bottom of the 8th over - 0 runs, 0 hits, 0 errors, 0 left on base; Vancouver 1 - Las Vegas 3 |
TOP OF THE 9TH |
Vancouver Vipers batting - Pitching for Las Vegas Stars : RHP Roberto Moreno
|
Pitching: LHP Gian-Andrea Nota
|
|
Batting: RHB Cooper Richard
|
0-0: Ball 1-0: Foul Ball, location: 2F 1-1: Fly out, F9 (Flyball, 89D)
|
Batting: RHB Axel Guimont
|
0-0: Foul Ball, location: 2F 0-1: Called Strike 0-2: Strikes out looking
|
Batting: RHB Clarence Harrison
|
0-0: SINGLE (Groundball, 3D)
|
Pinch Hitting: RHB Salvador Medine
|
0-0: Foul Ball, location: 2F 0-1: Foul Ball, location: 2F 0-2: Ball 1-2: Foul Ball, location: 2F 1-2: Ball 2-2: Fly out, F5 (Line Drive, 5S)
|
Top of the 9th over - 0 runs, 1 hit, 0 errors, 1 left on base; Vancouver 1 - Las Vegas 3 |
|